cohdb
Replays
Latest Replays
All Replays
Popular Replays
Top Player Replays
Match Explorer
How It Works
Community
CoH3 Stats
Reddit
Sign in to upload your games and track your stats! →
Sign in with Steam
Match 46220301
Unlisted
Match 46220301
Overview
Messages
Build Orders
End
Construct Infanterie Kompanie
Grenadier Squad
MG 42 Machine Gun Team
Grenadier Squad
Grenadier Squad
Medical Station
Construct Luftwaffe Kompanie
221 Scout Car
Selects Breakthrough Battlegroup
Selects Rapid Production
Luftwaffe Officer Quarters
Jäger Squad
Support Elements
Wirbelwind Flakpanzer
Selects Blitzkrieg
Marder III M Tank Destroyer
Pioneer Squad
Pioneer Squad
Jäger Squad
Jäger Squad
Medical Bunker
Selects Assault Grenadiers
Selects Smoke Bombing Run
Selects Incendiary Bombing Run
Incendiary Bombing Run
Selects Tiger Heavy Tank
Tiger Heavy Tank
Pioneer Squad
Pioneer Squad
Pioneer Squad
Marder III M Tank Destroyer
Pioneer Squad
Be Frabjous
Henk
water
Hirys it's Irys
HIBBLE
Zerma
Меткић'94
Zamalek ✪
0
0
Comments
sign in to comment!
No comments posted yet!